Map: Cactus Valley LE

Players

PiLiPiLi - Winner!

  • Race: Protoss Protoss
  • Spawn Location: 7:00

najzmajs

  • Race: Zerg Zerg
  • Spawn Location: 11:00

Event: LycanGTV LotV Beta Tournament 1

VOD

Have the link to the VOD?

Description

Time

  • Played on: April 2, 2015, 12:51 p.m.
  • Length: 9:12

All games in this series

Show
View Real Time Build Order
Export as new Build Order

PiLiPiLi Protoss - Winner!

Build Orders: Double Forge, Double Forge, Zealot Archon, Dark Templar Rush 

Get SALT Encoding   

  12  0:00  Probe  
  13  0:13  Probe  
  14  0:18  Pylon  
  14  0:36  Probe (Chrono Boost)  
  14  0:38  Gateway  
  15  0:47  Probe (Chrono Boost)  
  16  0:53  Probe (Chrono Boost)  
  16  0:54  Pylon  
  17  0:58  Assimilator  
  17  1:03  Assimilator  
  17  1:05  Probe (Chrono Boost)  
  18  1:15  Probe (Chrono Boost)  
  19  1:22  Probe  
  20  1:27  Cybernetics Core  
  20  1:34  Probe (Chrono Boost)  
  21  1:40  Assimilator  
  21  1:47  Probe (Chrono Boost)  
  22  1:56  Probe (Chrono Boost)  
  22  1:57  Nexus  
  23  2:04  Warp Gate (Chrono Boost)  
  23  2:05  Probe  
  24  2:13  Forge  
  24  2:19  Pylon  
  24  2:22  Probe  
  25  2:34  Mothership Core  
  27  2:46  Photon Cannon  
  27  2:49  Pylon  
  27  2:55  Twilight Council  
  27  2:56  Probe  
  28  3:08  Probe  
  28  3:09  Probe  
  30  3:20  Probe  
  30  3:21  Probe  
  32  3:31  Dark Shrine  
  32  3:33  Probe x2 (Chrono Boost)  
  34  3:45  Probe (Chrono Boost)  
  34  3:47  Robotics Facility  
  36  3:50  Probe (Chrono Boost), Assimilator  
  36  3:54  Probe (Chrono Boost), Assimilator  
  37  3:58  Probe (Chrono Boost)  
  39  4:04  Probe (Chrono Boost)  
  39  4:08  Probe (Chrono Boost), Gateway  
  40  4:11  Probe (Chrono Boost)  
  40  4:14  Stalker  
  43  4:19  Photon Cannon  
  43  4:20  Probe  
  43  4:22  Pylon  
  44  4:26  Gateway  
  44  4:31  Forge  
  42  4:32  Probe  
  42  4:37  Probe  
  44  4:38  Pylon  
  44  4:45  Probe  
  45  4:46  Dark Templar  
  45  4:47  Pylon  
  45  4:49  Probe  
  45  4:52  Pylon  
  48  4:58  Gateway  
  48  5:06  Probe  
  49  5:08  Probe  
  49  5:09  Dark Templar  
  56  5:18  Probe  
  56  5:20  Probe  
  54  5:24  Robotics Facility  
  54  5:27  Forge  
  47  5:30  Dark Templar  
  47  5:32  Probe x2 (Chrono Boost)  
  53  5:43  Probe (Chrono Boost)  
  53  5:44  Probe (Chrono Boost)  
  54  5:50  Dark Templar  
  54  5:51  Probe (Chrono Boost)  
  54  5:52  Probe (Chrono Boost)  
  57  5:59  Probe  
  57  6:01  Probe  
  57  6:03  Dark Templar  
  60  6:12  Probe  
  60  6:13  Probe  
  60  6:14  Robotics Bay  
  60  6:16  Robotics Facility  
  58  6:19  Twilight Council  
  58  6:21  Photon Cannon  
  58  6:24  Probe  
  58  6:25  Probe  
  60  6:36  Probe  
  60  6:38  Probe  
  62  6:43  Stalker x2  
  62  6:45  Pylon  
  62  6:46  Immortal (Chrono Boost)  
  68  6:55  Blink  
  68  6:57  Nexus, Pylon  
  68  7:07  Colossus (Chrono Boost), Pylon  
  74  7:10  Pylon  
  72  7:22  Zealot x2, Pylon  
  80  7:24  Colossus (Chrono Boost)  
  82  7:35  Stalker  
  80  7:46  Stalker x2, Forge  
  80  7:50  Colossus (Chrono Boost)  
  84  7:52  Pylon  
  84  8:00  Stalker  
  82  8:10  Zealot x2  
  74  8:23  Photon Cannon  
  74  8:25  Gateway  
  74  8:26  Gateway  
  62  8:27  Gateway  
  62  8:29  Dark Templar x2  
  62  8:30  Gateway  
  72  8:37  Probe x2  
  74  8:44  Probe  
  75  8:49  Probe, Archon  
  75  8:50  Probe  
  81  8:56  Probe  
  82  9:04  Stalker x3  
Show
View Real Time Build Order
Export as new Build Order

najzmajs Zerg 

Build Orders: Hatch First 

Get SALT Encoding   

  12  0:01  Drone  
  13  0:13  Overlord  
  13  0:18  Drone  
  14  0:32  Drone x2  
  16  0:36  Drone  
  17  0:53  Hatchery  
  17  0:56  Drone  
  17  1:00  Drone  
  18  1:07  Drone  
  19  1:18  Drone  
  20  1:20  Extractor  
  20  1:23  Spawning Pool  
  18  1:28  Drone  
  19  1:40  Overlord  
  19  1:53  Drone  
  20  2:01  Drone  
  21  2:06  Drone  
  22  2:10  Roach Warren  
  22  2:11  Drone  
  22  2:12  Queen, Extractor  
  23  2:16  Drone  
  24  2:23  Drone  
  24  2:29  Overlord  
  25  2:34  Queen  
  27  2:50  Roach x3  
  33  2:52  Roach  
  33  2:55  Drone  
  36  2:59  Drone  
  36  3:05  Drone  
  38  3:10  Lair  
  38  3:15  Drone  
  38  3:18  Drone  
  40  3:20  Drone  
  40  3:21  Drone  
  40  3:24  Drone  
  44  3:31  Overlord  
  44  3:40  Ravager  
  44  3:41  Overlord  
  44  3:49  Evolution Chamber  
  44  3:55  Drone  
  44  3:57  Ravager x2  
  44  3:58  Hatchery  
  44  3:59  Ravager  
  44  4:01  Drone  
  47  4:03  Drone  
  47  4:05  Drone  
  47  4:09  Drone x2  
  51  4:13  Drone  
  51  4:15  Drone  
  51  4:16  Drone  
  54  4:29  Drone x3  
  57  4:32  Zerg Missile Weapons Level 1  
  57  4:33  Hydralisk Den  
  57  4:34  Extractor  
  57  4:36  Overlord  
  55  4:41  Overlord  
  55  4:42  Overlord  
  55  4:55  Overlord  
  55  5:01  Drone  
  55  5:02  Drone x3  
  55  5:03  Drone, Muscular Augments  
  55  5:06  Extractor  
  57  5:08  Overseer  
  54  5:15  Hydralisk  
  50  5:23  Hydralisk  
  50  5:26  Hydralisk  
  42  5:37  Roach x2  
  42  5:39  Zergling x10  
  49  5:44  Roach  
  49  5:47  Roach  
  49  5:54  Roach  
  48  6:00  Roach  
  44  6:25  Roach  
  44  6:29  Roach  
  44  6:30  Drone x3  
  44  6:32  Drone  
  45  6:39  Drone  
  44  6:46  Drone  
  45  6:51  Drone  
  46  6:58  Drone  
  47  7:05  Drone  
  47  7:07  Drone  
  48  7:13  Ravager x2  
  50  7:22  Spore Crawler  
  48  7:26  Roach  
  45  7:43  Roach x2  
  47  7:45  Ravager  
  47  7:47  Roach  
  50  7:53  Roach  
  52  7:59  Roach  
  46  8:15  Roach x2  
  46  8:19  Roach  
  47  8:22  Roach  
  46  8:30  Roach  
  48  8:37  Roach  
  43  8:46  Ravager  
  44  8:50  Ravager  
  44  8:54  Drone x2  
  44  8:55  Drone  

Tags
 
Add a new tag
Caveats
  • Supply blocks, unpowered buildings, or Contaminate may cause inaccurate times.
  • Supply counts are checked every 10 seconds.